Map: Ruins of Seras

Players

Star - Winner!

  • Race: Zerg Zerg
  • League: Diamond

ILLBdA

  • Race: Terran Terran
  • League: Diamond

VOD

Have the link to the VOD?

Description

Time

  • Played on: Jan. 2, 2016, 3:45 a.m.
  • Length: 9:04
Show
View Real Time Build Order
Export as new Build Order

Star Zerg - Winner!

Build Orders: Hatch First 

Get SALT Encoding   

  12  0:02  Drone  
  13  0:13  Overlord  
  13  0:20  Drone  
  14  0:24  Drone, Extractor  
  15  0:32  Drone  
  16  0:37  Drone  
  17  0:58  Hatchery  
  17  1:00  Drone  
  17  1:10  Extractor  
  16  1:19  Spawning Pool  
  15  1:38  Drone x2  
  15  1:39  Drone  
  18  1:53  Overlord  
  18  2:06  Queen  
  18  2:08  Zergling x2  
  21  2:09  Queen  
  21  2:11  Zergling x2  
  24  2:19  Metabolic Boost  
  24  2:29  Drone  
  25  2:36  Drone x2  
  27  2:40  Drone  
  28  2:46  Drone  
  29  2:52  Drone x2  
  31  3:01  Zergling x4  
  31  3:05  Zergling x4  
  34  3:15  Overlord  
  34  3:35  Drone x3  
  34  3:39  Hatchery  
  36  3:46  Roach Warren  
  31  4:04  Zergling x6  
  31  4:05  Drone x2  
  31  4:06  Zergling x4  
  37  4:12  Queen  
  37  4:16  Lair, Extractor  
  38  4:18  Drone x3  
  41  4:29  Roach  
  41  4:30  Overlord  
  43  4:33  Extractor  
  43  4:34  Drone  
  43  4:43  Overlord x2  
  43  4:52  Roach x3  
  49  4:58  Drone x2  
  51  5:01  Drone x4  
  55  5:07  Ravager  
  56  5:15  Drone x2  
  56  5:20  Glial Reconstitution  
  58  5:22  Evolution Chamber, Drone x3  
  60  5:31  Drone x2  
  60  5:32  Drone x2  
  63  5:43  Roach x2  
  67  5:50  Overlord  
  67  5:53  Zerg Missile Weapons Level 1  
  67  5:56  Drone x2  
  69  5:58  Extractor  
  69  6:00  Roach, Extractor  
  69  6:01  Roach  
  69  6:03  Ravager x2  
  73  6:04  Overlord  
  73  6:16  Spore Crawler x2  
  73  6:17  Roach x2  
  73  6:18  Overlord x2  
  75  6:24  Ravager  
  75  6:25  Ravager  
  77  6:26  Roach x2  
  77  6:28  Roach  
  77  6:30  Drone x2  
  85  6:36  Drone x2  
  85  6:38  Roach x2  
  95  6:47  Roach x2  
  95  6:52  Overlord, Roach  
  97  6:57  Hydralisk Den  
  97  7:00  Drone x3  
  99  7:26  Hydralisk x2, Roach x2  
  99  7:27  Overlord x2  
  107  7:38  Hydralisk x3  
  107  7:41  Muscular Augments  
  113  7:51  Drone  
  113  7:52  Hydralisk x2  
  113  7:53  Overlord x2  
  113  7:55  Ravager x3  
  113  7:56  Ravager  
  122  8:09  Hydralisk x3  
  122  8:11  Roach  
  122  8:12  Overlord x2  
  130  8:18  Roach x2  
  134  8:24  Roach x3  
  134  8:25  Zergling x2  
  141  8:32  Overlord  
  141  8:37  Roach x2  
  141  8:40  Roach x2  
  141  8:41  Roach  
  151  8:42  Overlord  
Show
View Real Time Build Order
Export as new Build Order

ILLBdA Terran 

Build Orders: Command Center First (CC), Mech 

Get SALT Encoding   

  12  0:01  SCV  
  13  0:13  SCV  
  14  0:18  Supply Depot  
  14  0:25  SCV  
  15  0:40  SCV  
  16  0:52  SCV  
  17  1:01  Command Center  
  17  1:15  Barracks  
  17  1:16  SCV  
  18  1:28  SCV  
  18  1:31  Barracks  
  19  1:40  SCV  
  20  1:49  Supply Depot  
  20  1:56  SCV  
  21  2:01  Refinery x2  
  21  2:09  Marine  
  21  2:11  Orbital Command  
  22  2:19  Marine  
  23  2:25  Orbital Command  
  23  2:28  Marine  
  24  2:37  SCV, Marine  
  26  2:46  Marine  
  26  2:49  SCV  
  26  2:51  SCV  
  29  3:01  SCV, Marine  
  29  3:03  SCV  
  32  3:07  Marine  
  32  3:11  Factory  
  33  3:13  SCV  
  33  3:15  SCV  
  35  3:21  Marine  
  35  3:25  SCV, Bunker  
  37  3:27  SCV  
  37  3:37  SCV  
  37  3:41  Command Center, Marine  
  38  3:46  Barracks Tech Lab  
  34  3:59  Marine  
  34  4:00  Hellion  
  35  4:05  Marine  
  35  4:14  Supply Depot  
  35  4:15  SCV, Supply Depot  
  35  4:17  Marine  
  36  4:22  Factory Tech Lab, Marine  
  38  4:24  SCV  
  38  4:27  Starport  
  39  4:33  SCV  
  39  4:34  Marine  
  41  4:40  Marine  
  42  4:46  Engineering Bay  
  42  4:47  SCV  
  42  4:48  SCV  
  42  4:49  Supply Depot  
  45  5:00  SCV x3  
  45  5:02  Stimpack  
  45  5:03  Marine x2  
  45  5:05  Medivac  
  45  5:07  Siege Tank  
  54  5:12  SCV x2  
  54  5:13  Orbital Command  
  56  5:16  Refinery  
  56  5:17  Refinery  
  56  5:20  Terran Infantry Weapons Level 1  
  56  5:21  Marine x2  
  58  5:24  SCV  
  59  5:29  Missile Turret  
  59  5:34  SCV  
  60  5:36  SCV  
  60  5:38  Marine  
  60  5:39  Marine  
  63  5:45  SCV  
  63  5:49  Armory, Starport Tech Lab  
  64  5:51  Cyclone  
  64  5:56  Marine x2  
  69  5:57  SCV  
  70  6:09  SCV  
  71  6:14  Marine x2  
  73  6:20  Starport  
  73  6:22  Starport  
  73  6:23  Banshee  
  76  6:30  Orbital Command  
  76  6:31  SCV  
  76  6:32  Marine  
  78  6:34  Marine  
  78  6:39  SCV  
  80  6:50  Marine  
  80  6:51  SCV  
  80  6:52  Marine  
  83  6:58  SCV x2  
  85  7:01  Starport Tech Lab x2  
  85  7:29  SCV, Raven x2, Marine  
  91  7:32  Raven  
  93  7:40  Supply Depot x3  
  93  7:43  Supply Depot  
  93  7:46  Factory x2  
  93  8:01  SCV x2  
  95  8:08  Marine  
  95  8:10  Siege Tank  
  95  8:11  Raven  
  101  8:14  SCV  
  101  8:18  Banshee  
  105  8:24  SCV x2, Refinery  
  105  8:26  SCV  
  108  8:28  Marine x2  
  110  8:36  SCV x2  
  110  8:38  SCV  
  110  8:39  Barracks x2  
  116  8:41  Barracks  
  116  8:46  Marine  
  119  8:48  SCV x2  
  119  8:50  SCV  
  119  8:52  Refinery  
  124  8:57  Factory Tech Lab x2  
  124  8:58  Supply Depot  
  124  9:01  Supply Depot  
  124  9:02  Supply Depot  
Tags
 
Add a new tag
Caveats
  • Supply blocks, unpowered buildings, or Contaminate may cause inaccurate times.
  • Supply counts are checked every 10 seconds.